Map: Pillars of Gold LE

Players

maru

  • Race: Terran Terran
  • Spawn Location: 7:00

LiquidClem (Clem) - Winner!

  • Race: Terran Terran
  • Spawn Location: 1:00

Event: DreamHack SC2 Masters 2020 Winter

VOD

Have the link to the VOD?

Description

Time

  • Played on: Nov. 10, 2020, 11:54 a.m.
  • Length: 11:52

All games in this series

Show
View Real Time Build Order
Export as new Build Order

maru Terran 

Build Orders:  

Get SALT Encoding   

  12  0:00  SCV  
  13  0:17  Supply Depot  
  13  0:19  SCV  
  14  0:39  Barracks  
  14  0:44  Refinery  
  14  0:56  Barracks  
  14  1:01  SCV  
  15  1:13  SCV  
  16  1:26  Reaper  
  16  1:27  Orbital Command  
  17  1:35  Refinery  
  17  1:44  Reaper  
  18  1:53  SCV  
  19  2:00  Supply Depot  
  19  2:02  Reaper  
  19  2:06  SCV  
  21  2:16  Reaper  
  22  2:25  SCV  
  22  2:28  Factory  
  23  2:39  SCV  
  24  2:52  SCV  
  25  3:04  SCV  
  25  3:14  Factory Tech Lab  
  25  3:16  SCV  
  25  3:17  Command Center  
  29  3:34  Cyclone  
  29  3:37  SCV  
  29  3:39  Starport  
  29  3:40  Supply Depot  
  30  3:49  SCV  
  31  4:01  SCV  
  31  4:02  Mag-Field Accelerator  
  32  4:06  Cyclone  
  35  4:13  SCV  
  36  4:18  Starport Tech Lab  
  36  4:22  Refinery  
  36  4:26  SCV  
  36  4:29  Orbital Command  
  37  4:38  SCV  
  38  4:40  Raven  
  38  4:42  Hellion  
  42  4:46  Supply Depot  
  42  4:50  SCV  
  42  4:51  Barracks Reactor  
  43  4:58  SCV  
  44  5:02  SCV  
  44  5:03  Cyclone  
  48  5:10  SCV  
  49  5:14  SCV  
  50  5:21  Command Center  
  50  5:25  Raven  
  50  5:27  SCV x2  
  54  5:28  Supply Depot  
  54  5:32  Marine x2  
  56  5:39  SCV  
  56  5:40  SCV  
  56  5:41  Refinery  
  58  5:44  Siege Tank  
  60  5:52  SCV x2  
  60  5:54  Marine x2  
  64  6:04  SCV x2  
  66  6:06  Barracks  
  66  6:08  Raven, Barracks  
  66  6:11  Supply Depot  
  68  6:16  SCV  
  69  6:21  SCV  
  70  6:27  Engineering Bay  
  70  6:31  Engineering Bay  
  70  6:32  SCV, Siege Tank  
  74  6:35  Orbital Command  
  74  6:37  SCV  
  75  6:44  SCV  
  75  6:50  SCV  
  76  6:57  SCV  
  72  7:02  SCV  
  72  7:04  Siege Tank  
  75  7:09  SCV  
  75  7:11  Barracks Reactor x2  
  75  7:12  Viking x2  
  75  7:14  SCV  
  75  7:15  Orbital Command  
  79  7:21  SCV  
  79  7:23  Marine  
  79  7:24  Stimpack  
  79  7:26  SCV  
  79  7:29  Terran Infantry Weapons Level 1, Terran Infantry Armor Level 1  
  80  7:33  SCV  
  79  7:39  SCV  
  79  7:40  SCV  
  79  7:45  SCV  
  79  7:47  Viking x2  
  79  7:48  Siege Tank  
  79  7:51  SCV  
  88  7:52  SCV, Supply Depot  
  88  7:57  SCV  
  90  8:03  SCV  
  90  8:04  SCV  
  91  8:09  SCV  
  92  8:13  Marine  
  92  8:14  Marine x2  
  92  8:15  SCV  
  92  8:16  SCV  
  86  8:20  Marine x2, Siege Tank  
  86  8:21  SCV  
  89  8:27  SCV  
  89  8:29  SCV  
  89  8:31  Marine x2  
  89  8:32  Marine  
  89  8:33  SCV  
  98  8:37  Supply Depot  
  98  8:39  SCV  
  98  8:40  Marine x2  
  101  8:41  SCV, Liberator  
  101  8:45  Liberator  
  101  8:46  SCV  
  105  8:51  SCV  
  105  8:53  Marine x2  
  105  8:54  Marine  
  109  8:59  Siege Tank  
  109  9:00  Command Center  
  109  9:01  SCV, Supply Depot, Barracks  
  109  9:02  Supply Depot, Barracks  
  113  9:09  SCV  
  114  9:13  Armory  
  114  9:14  SCV x2  
  116  9:20  Refinery x2  
  116  9:21  SCV  
  116  9:22  Sensor Tower  
  116  9:23  Combat Shield  
  117  9:26  SCV, Supply Depot  
  117  9:29  SCV  
  119  9:33  SCV, Siege Tank  
  123  9:38  SCV  
  123  9:41  SCV  
  125  9:46  SCV  
  125  9:47  Medivac x2  
  125  9:48  Supply Depot  
  130  9:54  Barracks Reactor x2  
  130  9:55  Marine x2  
  130  9:56  Marine x3  
  135  10:06  Siege Tank  
  138  10:09  Supply Depot  
  137  10:17  SCV  
  137  10:18  Marine x3  
  141  10:25  Factory  
  141  10:27  Marine x2  
  143  10:32  Viking  
  143  10:34  SCV  
  143  10:35  SCV x2, Marine  
  148  10:40  Supply Depot  
  149  10:45  Marine x2  
  149  10:46  SCV  
  149  10:47  SCV  
  149  10:49  SCV  
  154  10:55  Marine x2  
  154  10:56  Marine  
  154  10:57  Marine  
  154  10:58  SCV  
  154  11:01  SCV  
  157  11:04  SCV  
  157  11:07  Supply Depot  
  157  11:10  SCV  
  159  11:12  Barracks Reactor  
  159  11:13  SCV  
  159  11:17  SCV  
  161  11:18  Marine  
  161  11:23  Marine  
  161  11:24  Marine x5  
  154  11:32  SCV  
  154  11:33  SCV x2, Marine  
Show
View Real Time Build Order
Export as new Build Order

LiquidClem Terran - Winner!

Build Orders:  

Get SALT Encoding   

  12  0:00  SCV  
  13  0:12  SCV  
  14  0:17  Supply Depot  
  14  0:24  SCV  
  15  0:30  Refinery  
  15  0:39  SCV  
  16  0:45  Barracks  
  16  0:51  SCV  
  17  1:03  SCV  
  18  1:15  SCV  
  19  1:32  Reaper, Orbital Command  
  20  1:49  Bunker  
  20  1:50  Bunker  
  20  1:53  Factory  
  20  1:59  SCV  
  21  2:04  Supply Depot, Marine  
  22  2:11  SCV  
  23  2:25  Marine  
  23  2:26  SCV  
  27  2:37  Hellion  
  27  2:39  SCV, Supply Depot  
  27  2:43  Marine  
  31  2:58  Hellion  
  31  3:04  Command Center  
  30  3:06  SCV  
  30  3:09  Barracks Tech Lab  
  30  3:19  Starport  
  30  3:21  SCV  
  30  3:26  Refinery  
  31  3:34  SCV  
  31  3:37  Supply Depot  
  31  3:39  Barracks Tech Lab  
  32  3:49  SCV  
  32  3:51  Cyclone  
  36  4:02  SCV  
  37  4:04  Banshee  
  37  4:05  Barracks Reactor  
  40  4:10  Refinery  
  40  4:14  SCV  
  41  4:26  SCV  
  41  4:27  Siege Tank  
  45  4:35  Orbital Command  
  45  4:38  SCV  
  45  4:41  Marine x2  
  48  4:48  Command Center  
  48  4:50  SCV  
  49  4:55  Raven  
  51  5:00  Supply Depot  
  51  5:02  SCV  
  51  5:05  SCV  
  53  5:11  Siege Tank  
  56  5:16  Marine x2  
  56  5:18  SCV x2  
  60  5:28  Supply Depot  
  60  5:30  SCV  
  60  5:31  SCV  
  62  5:44  SCV, Barracks x2  
  62  5:46  SCV  
  62  5:49  Starport Reactor  
  64  5:50  Stimpack  
  64  5:52  Marine  
  64  5:56  SCV  
  66  5:59  SCV  
  66  6:02  Orbital Command  
  66  6:08  Siege Tank  
  66  6:09  SCV  
  70  6:11  SCV  
  70  6:13  Marine  
  70  6:17  Engineering Bay  
  72  6:21  Engineering Bay  
  72  6:25  SCV x2  
  74  6:28  Refinery  
  74  6:29  SCV  
  75  6:33  Marine x3  
  75  6:36  Starport Reactor  
  75  6:37  SCV x2  
  75  6:39  Supply Depot  
  80  6:40  Marine x2  
  80  6:41  Orbital Command  
  80  6:47  Siege Tank  
  86  6:50  SCV  
  86  6:51  SCV  
  86  6:53  Marine  
  86  6:54  Marine  
  89  6:57  Marine  
  90  7:02  Supply Depot  
  90  7:03  SCV  
  90  7:05  Marine x2  
  90  7:07  SCV  
  90  7:08  SCV  
  92  7:11  Terran Infantry Weapons Level 1, Marine, Terran Infantry Armor Level 1  
  92  7:14  Medivac x2, Supply Depot  
  97  7:17  Marine  
  97  7:19  SCV  
  97  7:20  SCV  
  100  7:25  Siege Tank  
  100  7:27  Supply Depot  
  100  7:28  Marine  
  100  7:29  Marine  
  105  7:31  Marine  
  105  7:33  SCV  
  105  7:34  SCV  
  105  7:36  Combat Shield  
  105  7:38  Marine  
  105  7:40  Marine  
  105  7:42  SCV  
  105  7:43  Supply Depot  
  108  7:45  Marine  
  108  7:50  Medivac x2  
  113  7:54  Supply Depot  
  113  7:55  Marine  
  113  7:56  Marine  
  115  7:58  Marine x2  
  115  7:59  SCV  
  115  8:05  Marine  
  117  8:12  SCV  
  112  8:13  Marine  
  112  8:14  Marine, Siege Tank  
  112  8:16  Marine  
  112  8:17  Marine  
  112  8:20  Medivac  
  112  8:23  Marine  
  112  8:24  Barracks x2  
  111  8:29  Medivac  
  111  8:31  Marine x2  
  111  8:34  Armory, SCV x2, Marine  
  111  8:36  SCV, Refinery  
  111  8:37  Refinery, Marine  
  116  8:42  Marine  
  116  8:46  SCV x2  
  119  8:49  Marine  
  119  8:50  Medivac, Marine  
  119  8:52  SCV, Marine  
  125  8:57  Siege Tank  
  125  8:59  Medivac  
  125  9:02  Supply Depot, Sensor Tower  
  130  9:04  Marine x2  
  132  9:11  Marine x3  
  132  9:13  Barracks Reactor x2  
  134  9:22  Marine  
  136  9:26  Command Center  
  136  9:28  Marine  
  137  9:36  Terran Infantry Weapons Level 2  
  136  9:38  Factory  
  136  9:44  Marine  
  136  9:45  SCV  
  136  9:47  Barracks Reactor  
  136  9:51  Siege Tank  
  136  9:52  Viking x2  
  143  9:53  Marine x3  
  143  9:58  Supply Depot  
  146  10:03  Marine x3  
  149  10:09  Supply Depot  
  149  10:13  Supply Depot  
  149  10:15  Marine x2  
  149  10:19  Marine x3  
  149  10:21  Marine x2  
  153  10:23  Marine x2  
  156  10:30  Viking x2, Marine, Siege Tank  
  156  10:33  Marine  
  156  10:35  Siege Tank  
  168  10:37  Supply Depot, Marine  
  168  10:42  SCV x2  
  171  10:43  SCV  
  171  10:45  Marine x3  
  171  10:46  Marine x2  
  177  10:52  Sensor Tower  
  177  10:54  SCV  
  177  10:55  Marine x2  
  167  10:57  Marine x2  
  167  11:00  Marine  
  167  11:01  SCV  
  167  11:03  Marine x2  
  173  11:05  Marine x2, Siege Tank  
  173  11:08  Planetary Fortress  
  173  11:09  Marine  
  173  11:10  Starport  
  179  11:12  Marine, Siege Tank  
  181  11:19  Marine  
  181  11:25  Marine x2  
  178  11:26  Marine x2  
  178  11:30  Marine  
  178  11:31  Marine  
  182  11:38  SCV  
  185  11:40  Command Center  
Tags
 
Add a new tag
Caveats
  • Supply blocks, unpowered buildings, or Contaminate may cause inaccurate times.
  • Supply counts are checked every 10 seconds.